 Dungeon Crawl Stone Soup version 0.25-a0-426-g7d9e569eea (webtiles) character file.

Game seed: 4241151686799125281, levelgen mode: deterministic

52839 LSt the Brawler (level 14, -3/129 HPs)
             Began as a Ghoul Fighter on Jan 23, 2020.
             Was the Champion of Makhleb.
             Killed from afar by a fire dragon (19 damage)
             ... with a blast of flame
             ... on level 6 of the Lair of Beasts on Jan 25, 2020.
             The game lasted 02:31:20 (18966 turns).

LSt the Brawler (Ghoul Fighter)                    Turns: 18966, Time: 02:31:20

Health: -3/129     AC: 16    Str: 25    XL:     14   Next: 65%
Magic:  23/23      EV:  9    Int:  3    God:    Makhleb [******]
Gold:   1114       SH:  0    Dex:  8    Spells: 13/13 levels left

rFire    . . .     SeeInvis .     - Unarmed
rCold    + + .     Gourm    .   (no shield)
rNeg     + + +     Faith    .   K - +0 plate armour
rPois    ∞         Spirit   .   (no helmet)
rElec    .         Reflect  .   k - scarf {cloud immunity}
rCorr    .         Harm     .   (no gloves)
MR       +....                  O - +1 pair of boots
Stlth    ..........             V - amulet of regeneration
HPRegen  0.00/turn              l - ring of stealth
MPRegen  0.18/turn              z - ring of protection from cold

@: rotting
A: rotting body, claws 1, carnivore, cold resistance 1, negative energy
resistance 3, inhibited regeneration, torment resistance, unbreathing
a: Minor Destruction, Lesser Servant of Makhleb, Major Destruction, Greater
Servant of Makhleb, Renounce Religion


You were on level 6 of the Lair of Beasts.
You worshipped Makhleb.
Makhleb was exalted by your worship.
You were not hungry.

You visited 3 branches of the dungeon, and saw 17 of its levels.
You also visited: Ice Cave.

You collected 1114 gold pieces.

Inventory:

Hand Weapons
 a - a +4 longbow of freezing
 H - the +5 war axe of the Badger {drain, rElec rC++ Int-5 Stlth+}
   (You found it on level 1 of the Lair of Beasts)

   A truly terrible weapon, it drains the life of those it strikes.
   It affects your intelligence (-5).
   It greatly protects you from cold.
   It insulates you from electricity.
   It makes you more stealthy.
 N - the +5 scythe "Finisher" {speed, eviscerate}
   (You found it on level 7 of the Dungeon)

   Attacks with this weapon are significantly faster.
Missiles
 f - 197 arrows
 j - 442 stones (quivered)
 R - 2 throwing nets
Armour
 k - a scarf of cloud immunity (worn)
 D - a +2 robe of resistance
 K - a +0 plate armour (worn)
 L - +0 acid dragon scales
 O - a +1 pair of boots (worn)
Jewellery
 l - a ring of stealth (left claw)
 z - a ring of protection from cold (right claw)
 M - an uncursed ring of teleportation
 P - an uncursed ring of protection from cold
 V - an amulet of regeneration (around neck)
Wands
 g - a wand of clouds (12)
 i - a wand of acid (14)
 m - a wand of polymorph (13)
 p - a wand of scattershot (4)
 x - a wand of random effects (46)
 F - a wand of iceblast (7)
 S - a wand of disintegration (23)
 T - a wand of flame (56)
 Z - a wand of digging (7)
Scrolls
 b - a scroll of noise {unknown}
 n - 2 scrolls of magic mapping
 o - 8 scrolls of teleportation
 s - a scroll of brand weapon {unknown}
 t - a scroll of enchant weapon
 u - 4 scrolls of enchant armour
 v - 7 scrolls of remove curse
 w - a scroll of fear
 y - 5 scrolls of fog
 C - a scroll of summoning {unknown}
 E - a scroll of identify
 Q - a scroll of holy word {unknown}
 U - a scroll of torment {unknown}
Potions
 c - 2 potions of might
 q - a potion of ambrosia
 r - 8 potions of heal wounds
 A - 2 potions of flight
 B - 6 potions of curing
 G - 3 potions of resistance
 I - a potion of brilliance
 W - a potion of agility
 X - 3 potions of haste
 Y - a potion of cancellation
Miscellaneous
 e - a phial of floods
 J - a lamp of fire
Comestibles
 d - 31 rations
 h - 8 chunks of flesh


   Skills:
 - Level 13.1 Fighting
 - Level 8.2 Armour
 - Level 6.5 Dodging
   Level 2.6 Shields
 - Level 15.3 Unarmed Combat
 + Level 13.9 Invocations


You had 13 spell levels left.
You didn't know any spells.
Your spell library contained the following spells:

 Spells                   Type           Power        Failure   Level  Hunger
 Animate Skeleton         Necr           N/A          100%        1    ##.....
 Apportation              Tloc           #.....       100%        1    ##.....
 Corona                   Hex            #......      100%        1    ##.....
 Freeze                   Ice            #...         100%        1    ##.....
 Summon Small Mammal      Summ           #...         100%        1    ##.....
 Sticks to Snakes         Tmut           #.......     100%        2    ###....
 Confusing Touch          Hex            #.......     100%        3    ####...
 Gell's Gravitas          Tloc           #.........   100%        3    ####...
 Ozocubu's Armour         Chrm/Ice       #.......     100%        3    ####...
 Hailstorm                Conj/Ice       #.......     100%        4    #####..
 Petrify                  Tmut/Erth      #.......     100%        4    #####..
 Summon Ice Beast         Ice/Summ       #.......     100%        4    #####..
 Bolt of Magma            Conj/Fire/Erth #.........   100%        5    ######.
 Iskenderun's Battlesphe  Conj/Chrm      #.......     100%        5    ######.
 Metabolic Englaciation   Hex/Ice        #.........   100%        5    ######.
 Yara's Violent Unravell  Hex/Tmut       #.........   100%        5    ######.
 Iron Shot                Conj/Erth      #.........   100%        6    #######
 Ozocubu's Refrigeration  Ice            #.........   100%        6    #######
 Orb of Destruction       Conj           #.........   100%        7    #######
 Spellforged Servitor     Conj/Summ      #.........   100%        7    #######
 Chain Lightning          Conj/Air       #.........   100%        8    #######
 Lehudib's Crystal Spear  Conj/Erth      #.........   100%        8    #######
 Fire Storm               Conj/Fire      #.........   100%        9    #######
 Glaciate                 Conj/Ice       #.........   100%        9    #######
 Beastly Appendage        Tmut           Unusable     N/A         1    N/A
 Spider Form              Tmut/Pois      Unusable     N/A         3    N/A
 Ice Form                 Ice/Tmut       Unusable     N/A         4    N/A
 Blade Hands              Tmut           Unusable     N/A         5    N/A

Dungeon Overview and Level Annotations

Branches:
Dungeon (10/15)            Temple (1/1) D:7            Lair (6/6) D:10
 Shoals (0/4) Lair:3       Spider (0/4) Lair:4        Slime (0/5) Lair:5
    Orc (0/2) D:10          IceCv (visited)

Altars:
Ashenzari
Cheibriados
Dithmenos
Elyvilon
Fedhas
Gozag
Hepliaklqana
Kikubaaqudgha
Makhleb
Nemelex Xobeh
Okawaru
Qazlal
Ru
Sif Muna
Trog
Uskayaw
Vehumet
Wu Jian
Xom
Yredelemnul
Zin
The Shining One
Jiyva

Shops:
D:3 *   D:6 (   D:7 :![[:

Annotations:
D:3 1 runed translucent door, Crazy Yiuf
D:10 Erolcha, Nergalle
Lair:5 2 runed translucent doors, PeterQ's ghost, journeyman VSMo


Innate Abilities, Weirdness & Mutations

Your body is rotting away.
You thrive on raw meat.
You are immune to poison.
You have sharp fingernails.
You are carnivorous and can eat meat at any time.
Your flesh is cold resistant. (rC+)
You are immune to negative energy. (rN+++)
You do not regenerate when monsters are visible.
You are immune to unholy pain and torment.
You can survive without breathing.


Message History

Aim: a fire dragon (blue smoke, severely wounded, chance to defeat MR: 30%)
Okay, then.
Aiming: Iceblast
Press: ? - help, Shift-Dir - straight line The mass of ice explodes!
The iceblast engulfs the fire dragon.
The fire dragon is severely wounded.
You hear a deafening roar!
The fire dragon bites you.
* * * LOW HITPOINT WARNING * * *
The fire dragon claws you but does no damage.
The fire dragon tramples you but does no damage.
Press: ? - help, v - describe, . - travel
Here: a fire dragon (blue smoke, severely wounded)
The floor, spattered with blood.
As you read the scroll of fear, it crumbles to dust.
You assume a fearsome visage.
The fire dragon resists with some effort.
The fire dragon breathes flames at you. The blast of flame hits you!!
You die...

♣♣♣♣.♣.♣≈.
♣♣.P....≈≈≈
♣♣♣...♣♣≈≈≈≈♣
♣♣..♣÷.♣.≈≈♣♣♣
♣♣.....÷≈≈♣♣..
♣...≈.≈≈≈♣♣
...
♣♣.P≈≈...≈♣
♣♣.
♣♣♣§P≈.♣♣♣.≈≈.
♣ ♣@§§≈≈♣♣
♣♣.≈≈$
♣♣D§§≈♣♣ ♣.≈≈
♣§§§§♣♣ ♣♣≈$
♣≈≈≈♣♣ ♣.♣
♣≈.≈♣ ♣...≈≈≈
♣♣.Pl≈≈$.
♣♣♣.≈≈≈≈ ...≈.


You could see a fire dragon.

Vanquished Creatures
  A frost giant (IceCv)
  Harold (D:8)
  3 hydras
  A two-headed ogre (D:9)
  9 death yaks
  Pikel (D:7)
  A wolf spider (Lair:6)
  7 black mambas
  A guardian serpent (Lair:6)
  Maurice (D:8)
  A torpor snail (Lair:6)
  Maggie (D:8)
  An ice statue (IceCv)
  17 spiny frogs
  5 rime drakes
  4 komodo dragons
  A queen bee (Lair:3)
  Prince Ribbit (D:7)
  16 polar bears
  A hornet (Lair:6)
  9 hippogriffs
  A slime creature (Lair:2)
  14 blink frogs
  4 redbacks
  Sigmund (D:2)
  9 wyverns
  3 wraiths (D:7)
  54 yaks
  A hungry ghost (D:10)
  A basilisk (Lair:5)
  A steam dragon (Lair:6)
  Menkaure (D:7)
  2 acid dragons (Lair:6)
  21 water moccasins
  14 porcupines
  2 orc warriors
  2 ice beasts
  3 phantoms (D:10)
  7 ogres
  2 black bears
  An eye of draining (D:9)
  2 slaves
  14 wolves (IceCv)
  4 centaurs
  8 crocodiles
  A big kobold (D:8)
  9 bullfrogs
  A gnoll sergeant (D:10)
  Blork the orc (D:6)
  A scorpion (D:4)
  2 troll zombies (D:10)
  32 killer bees
  5 wights (D:7)
  A howler monkey (D:8)
  3 vampire bats (Lair:2)
  2 crimson imps
  6 jellies
  3 bullfrog zombies
  7 orc priests
  7 orc wizards
  A bullfrog skeleton (D:7)
  6 iguanas
  Natasha (thrice) (D:3)
  5 worker ants
  A killer bee zombie (D:7)
  3 ogre zombies (D:10)
  A hound zombie (D:6)
  A worker ant zombie (D:5)
  8 gnolls
  10 adders
  A shadow imp (D:7)
  16 oozes (Lair:2)
  5 adder skeletons
  An adder zombie (D:5)
  A dart slug (D:1)
  4 worms
  3 leopard geckos
  16 orcs
  12 bats
  9 giant cockroaches
  9 goblins
  8 hobgoblins
  11 jackals
  12 kobolds
  5 quokkas
  5 frilled lizards
  A goblin skeleton (D:10)
  2 goblin zombies (D:10)
  A hobgoblin skeleton (D:10)
  3 hobgoblin zombies (D:10)
  2 jackal skeletons (D:5)
  A jackal zombie (D:6)
  A leopard gecko skeleton (D:7)
  2 orc skeletons (D:10)
  10 orc zombies (D:10)
  A quokka skeleton (D:4)
  8 rats
  A fungus (D:3)
  A plant (Lair:6)
527 creatures vanquished.

Vanquished Creatures (collateral kills)
  2 death yaks
  A blink frog (Lair:5)
  A yak (Lair:3)
  A fungus (Lair:5)
5 creatures vanquished.

Vanquished Creatures (others)
  2 slaves (D:8)
  A howler monkey (D:8)
  An orc wizard (D:2)
  2 jackals (D:8)
  A kobold (D:8)
  22 fungi
  31 plants (Lair:6)
60 creatures vanquished.

Grand Total: 592 creatures vanquished

Notes
Turn   | Place    | Note
-------+----------+-------------------------------------------
     0 | D:1      | LSt the Ghoul Fighter began the quest for the Orb.
     0 | D:1      | Reached XP level 1. HP: 19/19 MP: 0/0
   220 | D:1      | Reached XP level 2. HP: 26/26 MP: 1/1
   243 | D:1      | Reached skill level 3 in Unarmed Combat
   486 | D:1      | Reached XP level 3. HP: 22/31 MP: 2/2
   542 | D:1      | Reached skill level 4 in Unarmed Combat
  1125 | D:2      | Reached XP level 4. HP: 36/38 MP: 3/3
  1132 | D:2      | Reached skill level 5 in Unarmed Combat
  1218 | D:2      | You fall into a shaft and drop 2 floors!
  1223 | D:4      | Found an ornate altar of the Wu Jian Council.
  1299 | D:4      | Noticed an ogre
  1336 | D:5      | Entered Level 5 of the Dungeon
  1336 | D:5      | Noticed a black bear
  1376 | D:5      | Noticed an ogre
  1395 | D:5      | Reached XP level 5. HP: 15/44 MP: 4/4
  1638 | D:4      | Noticed an ogre
  1802 | D:3      | Noticed an ice beast
  1811 | D:3      | Reached skill level 6 in Unarmed Combat
  1820 | D:3      | Killed an ice beast
  1889 | D:2      | Noticed Sigmund
  2006 | D:3      | Found a sparkling altar of Nemelex Xobeh.
  2007 | D:3      | Found a hide-covered altar of Uskayaw.
  2044 | D:3      | Found a radiant altar of Vehumet.
  2090 | D:3      | Found Zin's Purification Station.
  2092 | D:3      | Found a glowing silver altar of Zin.
  2150 | D:3      | Noticed Natasha
  2167 | D:3      | Killed Natasha
  2167 | D:3      | Reached XP level 6. HP: 27/52 MP: 5/5
  2199 | D:3      | Noticed Natasha
  2210 | D:3      | Killed Natasha
  2395 | D:3      | Found a runed translucent door.
  2396 | D:3      | Noticed Crazy Yiuf
  2428 | D:3      | Noticed Natasha
  2432 | D:3      | Killed Natasha
  2697 | D:4      | Reached skill level 7 in Unarmed Combat
  2931 | D:4      | Reached XP level 7. HP: 56/56 MP: 6/6
  3089 | D:4      | Reached skill level 8 in Unarmed Combat
  3577 | D:5      | Reached skill level 5 in Fighting
  3758 | D:5      | Reached XP level 8. HP: 70/70 MP: 7/7
  4180 | D:5      | Reached skill level 9 in Unarmed Combat
  4486 | D:6      | Found Zuafem's Antique Weapon Shoppe.
  4557 | D:6      | Found a bloodstained altar of Trog.
  4998 | D:6      | Noticed Blork the orc
  5009 | D:6      | Killed Blork the orc
  5009 | D:6      | Reached skill level 10 in Unarmed Combat
  5441 | D:7      | Found Gueginkaash's Armour Shoppe.
  5474 | D:7      | Found a staircase to the Ecumenical Temple.
  5477 | D:7      | Noticed Menkaure
  5495 | D:7      | Killed Menkaure
  5510 | Temple   | Entered the Ecumenical Temple
  5638 | Temple   | Became a worshipper of Makhleb the Destroyer
  5733 | D:7      | Found Duphem's Antique Armour Emporium.
  5742 | D:7      | Reached XP level 9. HP: 78/78 MP: 8/8
  5948 | D:7      | Reached skill level 11 in Unarmed Combat
  6235 | D:7      | Found Byxzifua's Book Shop.
  6271 | D:7      | Noticed Prince Ribbit
  6665 | D:2      | Found a sparkling altar of Nemelex Xobeh.
  7036 | D:2      | Killed Sigmund
  7290 | D:2      | Reached * piety under Makhleb
  7452 | D:7      | Found Soerr's Distillery.
  7592 | D:7      | Found Dauhitt's Book Shop.
  7885 | D:7      | Found the +5 scythe "Finisher" {speed, eviscerate}
  7923 | D:7      | Killed Prince Ribbit
  7923 | D:7      | Reached skill level 5 in Armour
  8166 | D:8      | Reached XP level 10. HP: 89/89 MP: 9/9
  8187 | D:8      | Noticed Maggie
  8187 | D:8      | Noticed Maurice
  8200 | D:8      | Killed Maggie
  8207 | D:8      | Killed Maurice
  8275 | D:8      | Noticed Harold
  8285 | D:8      | Killed Harold
  8285 | D:8      | Reached skill level 10 in Fighting
  8285 | D:8      | Reached skill level 12 in Unarmed Combat
  8423 | D:8      | Noticed Pikel
  8430 | D:7      | Killed Pikel
  8430 | D:7      | Reached skill level 1 in Dodging
  9227 | D:9      | Reached ** piety under Makhleb
  9544 | D:9      | Noticed a two-headed ogre
  9559 | D:9      | Killed a two-headed ogre
  9559 | D:9      | Reached XP level 11. HP: 82/102 MP: 10/10
  9795 | D:10     | Entered Level 10 of the Dungeon
  9956 | D:10     | Reached skill level 1 in Invocations
 10002 | D:10     | Found a staircase to the Lair.
 10015 | D:10     | Reached skill level 13 in Unarmed Combat
 10217 | D:10     | Reached *** piety under Makhleb
 10298 | D:10     | Found a staircase to the Orcish Mines.
 10593 | D:10     | Noticed Nergalle
 10691 | D:10     | Noticed Erolcha
 10725 | Lair:1   | Entered Level 1 of the Lair of Beasts
 10833 | Lair:1   | Reached skill level 14 in Unarmed Combat
 11033 | Lair:1   | Identified the +5 war axe of the Badger {drain, rElec rC++
                  | Int-5 Stlth+} (You found it on level 1 of the Lair of
                  | Beasts)
 11310 | Lair:1   | Reached **** piety under Makhleb
 11702 | Lair:2   | Reached skill level 5 in Invocations
 11880 | Lair:2   | Reached XP level 12. HP: 107/110 MP: 15/15
 11970 | Lair:2   | You fall into a shaft and drop 2 floors!
 12098 | Lair:3   | Noticed a five-headed hydra
 12111 | Lair:3   | Killed a five-headed hydra
 12854 | Lair:3   | Identified the +0 robe of Wenk {rCorr} (You found it on
                  | level 3 of the Lair of Beasts)
 13033 | Lair:3   | Found a staircase to the Shoals.
 13580 | Lair:3   | Reached ***** piety under Makhleb
 13749 | Lair:4   | Noticed a death yak
 13749 | Lair:4   | Noticed a death yak
 13977 | Lair:3   | Killed a death yak
 13982 | Lair:3   | Killed a death yak
 14181 | Lair:4   | Noticed a death yak
 14181 | Lair:4   | Noticed a death yak
 14181 | Lair:4   | Noticed a death yak
 14181 | Lair:4   | Noticed a death yak
 14431 | Lair:3   | Killed a death yak
 14762 | Lair:3   | Reached skill level 5 in Dodging
 14763 | Lair:3   | Killed a death yak
 14872 | Lair:4   | Found a hole to the Spider Nest.
 14888 | Lair:3   | Killed a death yak
 14888 | Lair:3   | Reached XP level 13. HP: 111/119 MP: 18/18
 15981 | Lair:4   | Reached skill level 15 in Unarmed Combat
 16043 | Lair:5   | Found a large runed translucent door.
 16043 | Lair:5   | Found a large runed translucent door.
 16057 | Lair:5   | Noticed PeterQ's ghost (journeyman VSMo)
 16421 | Lair:5   | Found a viscous altar of Jiyva.
 16421 | Lair:5   | Found a staircase to the Slime Pits.
 16489 | Lair:5   | Upgraded the game from 0.25-a0-424-g80bd347ae0 to
                  | 0.25-a0-426-g7d9e569eea
 16987 | Lair:6   | Entered Level 6 of the Lair of Beasts
 17049 | Lair:6   | Found a frozen archway.
 17077 | IceCv    | Entered an ice cave
 17598 | IceCv    | Reached skill level 10 in Invocations
 17668 | IceCv    | Noticed a frost giant
 17672 | IceCv    | Reached XP level 14. HP: 129/129 MP: 20/20
 17681 | IceCv    | Killed a frost giant
 17740 | IceCv    | Identified the Almanac of the Frostbite
 18649 | Lair:6   | Reached ****** piety under Makhleb
 18966 | Lair:6   | Killed from afar by a fire dragon

Levels and vault maps discovered:
D:1:      onia_arrival_mini_maze_b, layout_loops_ring, minivault_27,
          minmay_misc_feat_room
D:2:      cheibrodos_pilgrimage, layout_loops_ring, first_ration,
          nemelex_spade_bored_becter, uniq_sigmund
D:3:      layout_rooms, fiery_altar_vehumet, zin_purify,
          gammafunk_temple_overflow_statue, uniq_crazy_yiuf_cottage,
          uniq_natasha
D:4:      layout_basic, kennysheep_mini_moat
D:5:      layout_loops_ring
D:6:      layout_basic, kennysheep_mini, serial_shops, shop,
          hangedman_abyss_or_decor_passed, uniq_blork_the_orc
D:7:      layout_loops_corners, minmay_temple_entry_trees, serial_shops,
          nicolae_shop_crystal, shop, nicolae_shop_stone, shop, shop,
          minmay_guarded_unrand_finisher, uniq_prince_ribbit1, uniq_menkaure
D:8:      layout_cave_pools, uniq_maggie, uniq_harold, uniq_pikel, uniq_maurice
D:9:      layout_loops_ring, serial_glass, glass_columns_b, glass_columns_a
D:10:     layout_basic, david_lair_generic, zombieorc1_lemuel, uniq_nergalle,
          uniq_erolcha
Temple:   nicolae_temple_elliptical
Lair:1:   layout_loops_ring
Lair:2:   lemuel_slime, layout_big_grid, roderic_batcave
Lair:3:   layout_cave_pods, elwin_shoals_entry_rocks, special_room
          [special_room_bee]
Lair:4:   layout_small_grid, spider_nest_entry_rubble
Lair:5:   layout_cave_pods, slime_altar_1, ebering_ghost_disaster_area
Lair:6:   guppyfry_lair_end_dragon, layout_cave_pods,
          hangedman_lair_tendril_chambers, portal_ice_cave_entry_pillars_1,
          chequers_serial_rivers_large_a, chequers_serial_rivers_micro_a,
          minivault_26

Skill      XL: |  1  2  3  4  5  6  7  8  9 10 11 12 13 14 |
---------------+-------------------------------------------+-----
Unarmed Combat | 3 4 5 6 7 8 10 11 12 14 15 | 15.3
Fighting       | 4 5 7 9 11 12 13 | 13.1
Armour         | 5 7 8 |  8.2
Dodging        | 2 5 6 |  6.5
Invocations    | 6 8 10 13 | 13.9
Shields        | |  2.6

Action                   |  1- 3 |  4- 6 |  7- 9 | 10-12 | 13-15 || total
-------------------------+-------+-------+-------+-------+-------++-------
Melee: Unarmed           |   116 |   137 |   310 |   640 |   616 ||  1819
       Punch             |     1 |     1 |     7 |    29 |    33 ||    71
 Fire: Shortbow          |       |       |    60 |   134 |    56 ||   250
       Longbow           |       |       |       |       |    18 ||    18
Throw: Stone             |       |     4 |       |     1 |     2 ||     7
       Boomerang         |       |     4 |     6 |       |       ||    10
Invok: Minor Destruction |       |       |       |     9 |    20 ||    29
       Lesser Servant of |       |       |       |     5 |     2 ||     7
Evoke: Wand              |       |       |       |     7 |     2 ||     9
       Lamp of fire      |       |       |       |       |     1 ||     1
  Use: Scroll            |       |     4 |     9 |     8 |     6 ||    27
       Potion            |       |     1 |       |     2 |       ||     3
 Stab: Distracted        |       |       |       |     1 |       ||     1
  Eat: Chunk             |    13 |    14 |    33 |    70 |    64 ||   194
Armor: Scale mail        |    47 |    33 |       |       |       ||    80
       Chain mail        |       |     4 |    53 |       |       ||    57
       Plate armour      |       |       |    71 |   306 |   297 ||   674
Dodge: Dodged            |    44 |    61 |    85 |   218 |   218 ||   626

Table legend:
 A = Non-vault XP
 B = Vault XP
 C = Vault XP percentage of total XP
 D = Non-vault monster count
 E = Vault monster count
 F = Vault count percentage of total count
                 A         B        C        D         E       F
            +---------+---------+-------+---------+---------+-------
      Total |   43959 |   31526 |  41.8 |     333 |     195 |  36.9
            +---------+---------+-------+---------+---------+-------
        D:1 |      77 |       0 |   0.0 |      32 |       0 |   0.0
        D:2 |      82 |     379 |  82.2 |      18 |       7 |  28.0
        D:3 |     150 |      33 |  18.0 |      17 |       1 |   5.6
        D:4 |     451 |       0 |   0.0 |      17 |       0 |   0.0
        D:5 |     859 |       0 |   0.0 |      21 |       0 |   0.0
        D:6 |     372 |      85 |  18.6 |      22 |       1 |   4.3
        D:7 |    1099 |    1732 |  61.2 |      24 |       6 |  20.0
        D:8 |     948 |    1883 |  66.5 |      20 |       3 |  13.0
        D:9 |    1369 |       0 |   0.0 |      12 |       0 |   0.0
       D:10 |    2016 |    1375 |  40.5 |      21 |      32 |  60.4
     Lair:1 |    3807 |       0 |   0.0 |      17 |       0 |   0.0
     Lair:2 |    3295 |     761 |  18.8 |      16 |      30 |  65.2
     Lair:3 |   10607 |    2032 |  16.1 |      26 |      26 |  50.0
     Lair:4 |    3263 |       0 |   0.0 |      16 |       0 |   0.0
     Lair:5 |    7864 |       0 |   0.0 |      26 |       0 |   0.0
     Lair:6 |    7700 |   10044 |  56.6 |      28 |      38 |  57.6
      IceCv |       0 |   13202 | 100.0 |       0 |      51 | 100.0
            +---------+---------+-------+---------+---------+-------
